 Dungeon Crawl Stone Soup version 0.21.0-24-g2553a33 (webtiles) character file.

6 tidbits the Skirmisher (level 1, 2/23 HPs)
             Began as a Gnoll Wanderer on Jan 20, 2018.
             Quit the game on level 1 of the Dungeon.
             The game lasted 00:00:38 (33 turns).

tidbits the Skirmisher (Gnoll Wanderer)               Turns: 33, Time: 00:00:38

Health: 2/23       AC:  2    Str: 12    XL:     1   Next: 90%
Magic:  3/3        EV: 13    Int: 14    God:
Gold:   0          SH:  0    Dex: 16    Spells: 0/0 levels left

rFire    . . .     SeeInvis .   a - +0 short sword
rCold    . . .     Gourm    .   (no shield)
rNeg     . . .     Faith    .   d - +0 robe
rPois    .         Spirit   .   (no helmet)
rElec    .         Reflect  .   (no cloak)
rCorr    .         Harm     .   (no gloves)
MR       .....                  (no boots)
Stlth    +++.......             (no amulet)
HPRegen  0.07/turn              (no ring)
MPRegen  0.08/turn              (no ring)

@: no status effects
A: distributed training, fangs 1, strong nose
a: no special abilities


You were on level 1 of the Dungeon.
You were not hungry.

You visited 1 branch of the dungeon, and saw 1 of its levels.

Inventory:

Hand Weapons
 a - a +0 short sword (weapon)
 b - a +0 dagger
 f - a +0 quarterstaff
Armour
 d - a +0 robe (worn)
Miscellaneous
 e - a fan of gales (inert)
Comestibles
 c - a ration


   Skills:
 + Level 6.4 Fighting
 + Level 0.1 Short Blades
 + Level 0.1 Long Blades
 + Level 0.1 Axes
 + Level 0.1 Maces & Flails
 + Level 0.1 Polearms
 + Level 4.4 Staves
 + Level 0.1 Slings
 + Level 0.1 Bows
 + Level 0.1 Crossbows
 + Level 0.1 Throwing
 + Level 0.1 Armour
 + Level 2.4 Dodging
 + Level 4.0 Stealth
 + Level 0.1 Shields
 + Level 0.1 Unarmed Combat
 + Level 0.1 Spellcasting
 + Level 0.1 Conjurations
 + Level 0.1 Hexes
 + Level 0.1 Charms
 + Level 0.1 Summonings
 + Level 0.1 Necromancy
 + Level 0.1 Translocations
 + Level 0.1 Transmutations
 + Level 0.1 Fire Magic
 + Level 0.1 Ice Magic
 + Level 0.1 Air Magic
 + Level 0.1 Earth Magic
 + Level 0.1 Poison Magic
 + Level 0.2 Invocations
 + Level 4.4 Evocations


You couldn't memorise any spells.
You didn't know any spells.

Dungeon Overview and Level Annotations

Branches:
Dungeon (1/15)

Altars:


Innate Abilities, Weirdness & Mutations

Your experience applies equally to all skills.
You have very sharp teeth.
Your uncanny sense of smell can sniff out nearby items.


Message History

Welcome, tidbits the Gnoll Wanderer.
Will you prevail where others failed? Will you find the Orb of Zot?
Press ? for a list of commands and other information.
Found a staircase leading out of the dungeon.
Adjust (i)tems, (s)pells, or (a)bilities?
Adjust which item? (? for menu, Esc to quit)
b - a +0 short sword (weapon)
Adjust to which letter? (? for menu, Esc to quit)
a - a +0 short sword (weapon);
b - a fan of gales Adjust (i)tems, (s)pells, or (a)bilities?
Adjust which item? (? for menu, Esc to quit)
e - a +0 dagger Adjust to which letter? (? for menu, Esc to quit)
b - a +0 dagger;
e - a fan of gales Adjust (i)tems, (s)pells, or (a)bilities?
Adjust which item? (? for menu, Esc to quit)
f - a ration Adjust to which letter? (? for menu, Esc to quit)
c - a ration;
f - a +0 quarterstaff 2 rats and a goblin come into view.
Found a coppery potion.
There is a staircase leading out of the dungeon here. 2 rats come into view. 3 rats and a gnoll come into view.
Found a stone and 15 sling bullets.
You see here a coppery potion.
Unknown command.
The helpless rat fails to defend itself.
You hit the rat.
You kill the rat!
The helpless rat fails to defend itself.
You puncture the rat!
You kill the rat! 2 rats come into view.
The rat closely misses you.
Found 11 gold pieces.
A rat comes into view.
The rat closely misses you. The rat misses you.
You barely miss the rat. The rat misses you. x2
The gnoll shouts!
The rat barely misses you. The rat closely misses you. The rat bites you.
You see here a coppery potion.
The rat twitches its whiskers.
You barely miss the rat. The rat closely misses you.
You hit the rat.
You kill the rat!
The rat twitches its whiskers.
A rat comes into view.
You hit the rat.
You kill the rat!
The rat twitches its whiskers.
You hit the rat.
You kill the rat!
The goblin shouts!
You hit the rat.
You kill the rat!
You hit the rat.
You kill the rat!
The gnoll completely misses you.
You hit the rat.
You kill the rat!
The gnoll hits you from afar with a spear.
You hit the rat.
You kill the rat!
The goblin hits you but does no damage.
The gnoll hits you from afar with a spear.
You hit the goblin.
The goblin is severely wounded.
The goblin barely misses you.
The gnoll hits you from afar with a spear!
* * * LOW HITPOINT WARNING * * *
The goblin closely misses you.
You aren't carrying any potions.
Unknown command.
Evoke which item? (* to show all) (? for menu, Esc to quit)
A fierce wind blows from the fan.
The rat, the gnoll and the goblin are blown away by the wind.
Unknown command.
There is a staircase leading out of the dungeon here.
A hobgoblin comes into view.
The hobgoblin shouts!
The hobgoblin closely misses you.
Found a club.
Unknown command.
Are you sure you want to abandon this character and quit the game? (Confirm with "yes".)

.# #.#### # ##...#
.# .....####.#
....#.... ###
#....####### ...##
#...#gg.r..#
....###....#####@#
.r...##..g.#
#...g.#
.....!.#<..#
#.....#
....†##...##
#.).....
....###..g#
#.....### ...##
#...# #.....# ###
#...# ####### ∆
..#.# ...#.#


You could see a gnoll, a hobgoblin, a goblin and a rat.

Vanquished Creatures
  9 rats (D:1)
9 creatures vanquished.

Notes
Turn   | Place    | Note
-------+----------+-------------------------------------------
     0 | D:1      | tidbits the Gnoll Wanderer began the quest for the Orb.
     0 | D:1      | tidbits set off with: a fan of gales, a +0 short sword, a +0 quarterstaff, a +0 robe, a +0 dagger, a ration
     0 | D:1      | Reached XP level 1. HP: 23/23 MP: 3/3
    22 | D:1      | HP: 1/23 [gnoll/spear (11)]
    33 | D:1      | Quit the game

Action                   || total
-------------------------++-------
Melee: Short sword       ||    12
Evoke: Fan of gales      ||     1
 Stab: Sleeping          ||     2
Armor: Robe              ||     1
Dodge: Dodged            ||    12

Table legend:
 A = Turns spent in this place as a percentage of turns spent in the entire game.
 B = Non-inter-level travel turns spent in this place as a percentage of non-inter-level travel turns spent in the entire game.
 C = Inter-level travel turns spent in this place as a percentage of turns spent in this place.
 D = Turns resting spent in this place as a percentage of non-inter-level travel turns spent in this place.
 E = Turns spent auto-exploring this place as a percentage of non-inter-level travel turns spent in this place.
 F = Non-inter-level travel turns spent in this place divided by the number of levels of this place that you've seen.
                   A       B       C       D       E      F
               +-------+-------+-------+-------+-------+----------------------
         Total | 100.0 | 100.0 |   0.0 |   0.0 |   0.0 |  33.0
       Dungeon | 100.0 | 100.0 |   0.0 |   0.0 |   0.0 |  33.0
               +-------+-------+-------+-------+-------+----------------------

Table legend:
 A = Kills in this place as a percentage of kills in entire the game.
 B = Kills by you in this place as a percentage of kills by you in the entire game.
 C = Kills by friends in this place as a percentage of kills by friends in the entire game.
 D = Other kills in this place as a percentage of other kills in the entire game.
 E = Experience gained in this place as a percentage of experience gained in the entire game.
 F = Experience gained in this place divided by the number of levels of this place that you have seen.
                   A       B       C       D       E      F
               +-------+-------+-------+-------+-------+----------------------
         Total | 100.0 | 100.0 |   N/A |   N/A | 100.0 |   9.0
       Dungeon | 100.0 | 100.0 |   N/A |   N/A | 100.0 |   9.0
               +-------+-------+-------+-------+-------+----------------------

Vault maps used:
D:1:      erik_arrival_orb_chamber
